 Dungeon Crawl Stone Soup version 0.22.1-5-g62c59d919a (webtiles) character file.

5440 Forgol the Thaumaturge (level 10, -9/50 HPs)
             Began as a Deep Elf Conjurer on Jan 11, 2019.
             Was a Priest of Vehumet.
             Killed from afar by a manticore (17 damage)
             ... with a volley of spikes
             ... on level 11 of the Dungeon on Jan 12, 2019.
             The game lasted 01:27:18 (14071 turns).

Forgol the Thaumaturge (Deep Elf Conjurer)         Turns: 14071, Time: 01:27:19

Health: -9/50      AC:  8    Str:  5    XL:     10   Next: 41%
Magic:  0/28       EV: 14    Int: 24    God:    Vehumet [***...]
Gold:   434        SH:  0    Dex: 15    Spells: 14/33 levels left

rFire    + . .     SeeInvis .   D - +2 quarterstaff (chaos)
rCold    . . .     Gourm    .   (shield currently unavailable)
rNeg     . . .     Faith    .   t - +1 troll leather armour
rPois    .         Spirit   +   (no helmet)
rElec    .         Reflect  .   E - +1 cloak {+Inv}
rCorr    .         Harm     .   G - +0 pair of gloves
MR       +....                  (no boots)
Stlth    ++........             B - amulet of guardian spirit
HPRegen  0.56/turn              C - ring of fire
MPRegen  0.21/turn              y - ring of protection from cold

@: about to teleport, barbed spikes
A: no striking features
a: Renounce Religion, Evoke Invisibility


You were on level 11 of the Dungeon.
You worshipped Vehumet.
Vehumet was most pleased with you.
You were not hungry.

You visited 2 branches of the dungeon, and saw 12 of its levels.

You collected 434 gold pieces.

Inventory:

Hand Weapons
 h - a +0 dire flail of holy wrath
 k - a +0 spear
 s - a +0 hunting sling
 D - a +2 quarterstaff of chaos (weapon)
 J - the +7 short sword "Rywniq" {drain, rElec Int-3 Dex+10 Stlth+}
   (You found it on level 7 of the Dungeon)

   A truly terrible weapon, it drains the life of those it strikes.
   It affects your intelligence (-3).
   It affects your dexterity (+10).
   It insulates you from electricity.
   It makes you more stealthy.
Missiles
 b - 336 stones (quivered)
 j - 85 sling bullets
Armour
 a - a +0 robe
 t - a +1 troll leather armour (worn)
 E - a +1 cloak of invisibility (worn)
 G - a +0 pair of gloves (worn)
 I - a +0 shield
 M - a +0 buckler
Jewellery
 r - an uncursed amulet of rage
 y - a ring of protection from cold (right hand)
 B - an amulet of guardian spirit (around neck)
 C - a ring of fire (left hand)
 F - an uncursed ring of see invisible
Wands
 p - a wand of digging (15)
 K - a wand of random effects (15)
Scrolls
 i - 5 scrolls of remove curse
 u - a scroll of brand weapon {unknown}
 x - 6 scrolls of teleportation
 A - 2 scrolls of magic mapping
 H - 2 scrolls of identify
 L - a scroll of summoning {unknown}
 N - a scroll of fog {unknown}
Potions
 d - 3 potions of haste {unknown}
 e - a potion of berserk rage {unknown}
 f - 7 potions of curing
 g - a potion of might {unknown}
 l - a potion of resistance {unknown}
 m - 3 potions of lignification
 n - 2 potions of heal wounds {unknown}
 o - a potion of agility
 q - 3 potions of degeneration {unknown}
 v - a potion of invisibility {unknown}
 w - 2 potions of mutation {unknown}
 z - 3 potions of flight {unknown}
 P - a potion of magic {unknown}
Miscellaneous
 O - a sack of spiders
Comestibles
 c - 10 rations
 Q - 3 chunks of flesh


   Skills:
 - Level 6.1 Dodging
 - Level 2.4 Stealth
 - Level 12.0 Spellcasting
 + Level 10.6 Conjurations
 + Level 10.7 Charms


You had 14 spell levels left.
You knew the following spells:

 Your Spells              Type           Power        Failure   Level  Hunger
a - Magic Dart            Conj           ####         1%          1    None
b - Searing Ray           Conj           ######       1%          2    None
c - Dazzling Spray        Conj/Hex       #####.       1%          3    None
d - Iskenderun's Mystic   Conj           ######..     1%          4    None
e - Force Lance           Conj/Tloc      #####...     2%          4    None
f - Iskenderun's Battles  Conj/Chrm      ######..     1%          5    ###....

Your spell library contained the following spells:

 Spells                   Type           Power        Failure   Level  Hunger
 Throw Frost              Conj/Ice       #####.       1%          2    None
 Fulminant Prism          Conj/Hex       #####.....   2%          4    None
 Venom Bolt               Conj/Pois      #####.....   6%          5    ###....
 Bolt of Magma            Conj/Fire/Erth #####.....   13%         5    ###....
 Orb of Destruction       Conj           ######....   19%         7    ######.
 Iron Shot                Conj/Erth      #####.....   30%         6    #####..
 Spellforged Servitor     Conj/Summ      #####.....   82%         7    ######.


Dungeon Overview and Level Annotations

Branches:
Dungeon (11/15)            Temple (1/1) D:6
   Lair: D:8-11         Orc: D:9-12

Altars:
Ashenzari
Cheibriados
Dithmenos
Elyvilon
Fedhas
Gozag
Hepliaklqana
Kikubaaqudgha
Makhleb
Nemelex Xobeh
Okawaru
Qazlal
Ru
Sif Muna
Trog
Uskayaw
Vehumet
Wu Jian
Yredelemnul
Zin
The Shining One

Shops:
D:6 *

Annotations:
D:4 Eustachio, Natasha
D:5 Menkaure
D:6 1 exclusion
D:8 2 transporters, Flure's ghost, novice TeGl
D:10 exclusion: gnoll


Message History

Confirm with . or Enter, or press ? or * to list all spells.
You don't have enough magic to cast that spell.
Unknown command.
The barbs in your skin will harm you if you move.
Continue?
Okay, then.
The manticore bites you! The manticore closely misses you.
The manticore claws you but does no damage.
As you read the scroll of teleportation, it crumbles to dust.
You feel strangely unstable. The manticore bites you! The manticore claws you.
The manticore claws you!
* * * LOW HITPOINT WARNING * * *
The barbs in your skin will harm you if you move.
Continue? [Y]es or [N]o only, please.
The barbs in your skin will harm you if you move.
Continue?
The barbed spikes dig painfully into your body as you move.
* * * LOW HITPOINT WARNING * * *
The manticore flicks its tail.
The volley of spikes hits you!
The barbed spikes become lodged in your body.
You die...

#.... #.†. #... ..#
#.. #..# #.# #..
#.†# #.# #.. #..#
#.# #.. #.H# #.#
#.. #..# #.# #..
#.@# #.# #..
#..#########.####..
#..................
#...............>..
#..#########..>....
#..# #....... #..#
#....... #..#
#....... #..#
#.......


You could see a manticore.

Vanquished Creatures
  A troll (D:9)
  2 hippogriffs
  4 yaks (D:10)
  A hungry ghost (D:10)
  Edmund (D:6)
  A soldier ant (D:10)
  2 ice beasts
  4 orc warriors
  2 phantoms
  An ogre (D:11)
  A crocodile (D:9)
  4 centaurs
  Blork the orc (D:6)
  A gnoll sergeant (D:10)
  6 bullfrogs
  A wyvern skeleton (D:7)
  5 scorpions
  6 killer bees (D:11)
  5 wights (D:10)
  A howler monkey (D:9)
  3 crimson imps
  A centaur zombie (D:5)
  2 centaur skeletons
  2 jellies
  A hound (D:6)
  3 orc priests
  A bullfrog skeleton (D:10)
  Terence (D:2)
  Crazy Yiuf (D:5)
  Natasha (twice) (D:4)
  3 iguanas
  5 orc wizards
  6 worker ants
  2 hound skeletons
  A howler monkey zombie (D:9)
  A worker ant zombie (D:9)
  6 gnolls
  5 adders
  5 shadow imps
  An ooze (D:1)
  An adder zombie (D:2)
  An adder skeleton (D:8)
  3 dart slugs
  3 worms
  4 leopard geckos
  25 orcs
  5 giant cockroaches
  17 goblins
  10 hobgoblins
  8 jackals
  A quokka (D:9)
  A ball python (D:1)
  7 bats
  3 frilled lizards
  5 kobolds
  A leopard gecko skeleton (D:8)
  A quokka skeleton (D:4)
  8 rats
206 creatures vanquished.

Vanquished Creatures (others)
  A goblin (D:3)
  A rat (D:3)
  2 plants (D:9)
4 creatures vanquished.

Grand Total: 210 creatures vanquished

Notes
Turn   | Place    | Note
-------+----------+-------------------------------------------
     0 | D:1      | Forgol the Deep Elf Conjurer began the quest for the Orb.
     0 | D:1      | Reached XP level 1. HP: 10/10 MP: 6/6
   328 | D:1      | Reached XP level 2. HP: 15/15 MP: 6/8
   385 | D:1      | Reached skill level 5 in Conjurations
   878 | D:1      | Reached XP level 3. HP: 19/19 MP: 3/9
  1277 | D:2      | Learned a level 2 spell: Searing Ray
  1281 | D:2      | Learned a level 3 spell: Dazzling Spray
  1428 | D:2      | Found a stormy altar of Qazlal.
  1724 | D:2      | Reached XP level 4. HP: 24/24 MP: 5/10
  1882 | D:2      | Found a burning altar of Makhleb.
  1886 | D:2      | Found a glowing silver altar of Zin.
  1887 | D:2      | Noticed an Executioner
  1887 | D:2      | Noticed an angel
  2552 | D:2      | Noticed Terence
  2566 | D:2      | Killed Terence
  2902 | D:3      | Found a faded altar of an unknown god.
  2988 | D:3      | Reached XP level 5. HP: 28/28 MP: 8/11
  3030 | D:3      | Learned a level 4 spell: Iskenderun's Mystic Blast
  3344 | D:3      | Found a radiant altar of Vehumet.
  3400 | D:3      | Became a worshipper of Vehumet
  3483 | D:3      | Found an ornate altar of the Wu Jian Council.
  4099 | D:4      | Reached XP level 6. HP: 32/32 MP: 8/13
  4273 | D:4      | You fall through a shaft!
  4273 | D:5      | Entered Level 5 of the Dungeon
  4452 | D:5      | Reached skill level 4 in Spellcasting
  4572 | D:4      | Reached skill level 5 in Spellcasting
  4724 | D:4      | Noticed Eustachio
  4841 | D:4      | Noticed Natasha
  4853 | D:4      | Killed Natasha
  5110 | D:4      | Noticed Natasha
  5183 | D:4      | Killed Natasha
  5513 | D:4      | Noticed Natasha
  5575 | D:5      | Noticed Menkaure
  5590 | D:5      | Reached skill level 6 in Spellcasting
  5590 | D:5      | Reached XP level 7. HP: 17/36 MP: 12/18
  5936 | D:5      | Found a runed door.
  5940 | D:5      | Noticed Crazy Yiuf
  5949 | D:5      | Killed Crazy Yiuf
  6252 | D:6      | Reached skill level 7 in Spellcasting
  6393 | D:6      | Noticed Blork the orc
  6400 | D:6      | Killed Blork the orc
  6573 | D:6      | Found a glowing golden altar of the Shining One.
  6625 | D:6      | Noticed Edmund
  6639 | D:6      | Killed Edmund
  6639 | D:6      | Reached skill level 8 in Spellcasting
  6639 | D:6      | Reached XP level 8. HP: 27/41 MP: 1/22
  6811 | D:6      | Found Taczetz's Assorted Antiques.
  7184 | D:6      | Learned a level 4 spell: Force Lance
  7197 | D:6      | Found a staircase to the Ecumenical Temple.
  7256 | Temple   | Entered the Ecumenical Temple
  7741 | D:7      | Found a glowing golden altar of the Shining One.
  7747 | D:7      | Reached skill level 9 in Spellcasting
  7919 | D:7      | Got a transparent short sword
  8394 | D:8      | Found a shadowy altar of Dithmenos.
  8728 | D:8      | Found a sparkling altar of Nemelex Xobeh.
  8753 | D:8      | Reached skill level 10 in Spellcasting
  8758 | D:8      | Reached * piety under Vehumet
  8758 | D:8      | Offered knowledge of Freeze by Vehumet.
  9135 | D:8      | Found a transporter.
  9135 | D:8      | Found a transporter.
  9135 | D:8      | Noticed Flure's ghost (novice TeGl)
  9339 | D:8      | Reached skill level 10 in Conjurations
  9466 | D:8      | Learned a level 5 spell: Iskenderun's Battlesphere
  9714 | D:8      | Reached skill level 1 in Charms
  9856 | D:9      | Reached XP level 9. HP: 45/45 MP: 18/25
 10278 | D:9      | Reached skill level 5 in Charms
 10568 | D:9      | Found an opulent altar of Gozag.
 10656 | D:9      | Found a bloodstained altar of Trog.
 10657 | D:9      | Found an ancient bone altar of Kikubaaqudgha.
 10869 | D:9      | Noticed a troll
 10881 | D:9      | Killed a troll
 10985 | D:9      | Offered knowledge of Throw Flame by Vehumet.
 11156 | D:9      | Reached ** piety under Vehumet
 11229 | D:9      | Identified the +7 short sword "Rywniq" {drain, rElec Int-3
                  | Dex+10 Stlth+} (You found it on level 7 of the Dungeon)
 11244 | D:10     | Entered Level 10 of the Dungeon
 11753 | D:10     | Reached skill level 5 in Dodging
 12067 | D:10     | Reached skill level 11 in Spellcasting
 12195 | D:10     | Reached XP level 10. HP: 50/50 MP: 10/27
 12845 | D:10     | Reached skill level 10 in Charms
 13275 | D:10     | Offered knowledge of Throw Frost by Vehumet.
 13825 | D:11     | Reached skill level 12 in Spellcasting
 14059 | D:11     | Noticed a manticore
 14061 | D:11     | Reached *** piety under Vehumet
 14071 | D:11     | Killed from afar by a manticore

Skill      XL: |  1  2  3  4  5  6  7  8  9 10 |
---------------+-------------------------------+-----
Conjurations   | 5 6 7 8 9 10 | 10.6
Spellcasting   | 6 8 10 11 12 | 12.0
Charms         | 3 9 10 | 10.7
Dodging        | 5 6 |  6.1
Stealth        | |  2.4

Action                   |  1- 3 |  4- 6 |  7- 9 | 10-12 || total
-------------------------+-------+-------+-------+-------++-------
Melee: Spear             |       |    12 |       |       ||    12
 Cast: Magic Dart        |    75 |    78 |    99 |    35 ||   287
       Searing Ray       |     4 |    19 |    55 |     9 ||    87
       Dazzling Spray    |       |     7 |    23 |       ||    30
       Iskenderun's Myst |       |       |    40 |    16 ||    56
       Iskenderun's Batt |       |       |       |     9 ||     9
  Use: Scroll            |     1 |     3 |    12 |     1 ||    17
  Eat: Chunk             |     2 |    10 |    13 |       ||    25
       Ration            |       |     1 |     2 |     2 ||     5
Armor: Robe              |       |     1 |       |       ||     1
       Troll leather arm |       |       |    23 |     4 ||    27
Dodge: Dodged            |     3 |    27 |    50 |    15 ||    95
